 Dungeon Crawl Stone Soup version 0.31-a0-164-g2312942fda (webtiles) character file.

Game seed: 16094004635112891421

210 qw the Shooter (level 5, 0/33 HPs)
             Began as a Gargoyle Hunter on June 13, 2023.
             Slain by an iguana (10 damage)
             ... on level 4 of the Dungeon.
             The game lasted 00:01:03 (2361 turns).

qw the Shooter (Gargoyle Hunter)                    Turns: 2361, Time: 00:01:03

Health: 0/33       AC:  9    Str: 14    XL:     5   Next: 88%
Magic:  5/5        EV: 10    Int: 10    God:
Gold:   222        SH:  0    Dex: 15    Spells: 4/4 levels left

rFire   . . .        Y - +0 shortbow
rCold   . . .        (shield currently unavailable)
rNeg    + . .        f - +0 ring mail
rPois   inf          (no helmet)
rElec   +            (no cloak)
rCorr   .            (no gloves)
SInv    .            (no boots)
Will    .....        (no amulet)
Stlth   +            (no ring)
HPRegen 0.25/turn    (no ring)
MPRegen 0.09/turn

%: no passive effects
@: no status effects
A: sickness immunity, AC +4, negative energy resistance 1, electricity
resistance, torment resistance 1, petrification resistance
a: no special abilities


You were on level 4 of the Dungeon.
You visited 1 branch of the dungeon, and saw 4 of its levels.

You collected 222 gold pieces.


Innate Abilities, Weirdness & Mutations

You are immune to sickness and miasma.
Your stone body is resilient. (AC +4)
You are immune to poison.
You resist negative energy. (rN+)
You are resistant to electric shocks. (rElec)
You are resistant to unholy torment.
You are immune to petrification.


   Skills:
 - Level 4.0 Fighting
 + Level 6.0 Ranged Weapons
 - Level 1.0 Armour
 - Level 1.5 Dodging
 - Level 1.1 Stealth


You had 4 spell levels left.
You didn't know any spells.
Your spell library was empty.

Inventory:

Hand Weapons
 Y - a +0 shortbow (weapon)
Armour
 f - a +0 ring mail (worn)
Scrolls
 a - 3 scrolls of teleportation
 b - a scroll of brand weapon {unknown}
 g - a scroll of identify
Potions
 c - a potion of enlightenment {unknown}
 d - a potion of cancellation {unknown}
 e - a potion of mutation {unknown}

Dungeon Overview and Level Annotations

Branches:
Dungeon (4/15)
 Temple: D:4-7

Altars:
Zin


Message History

You shoot an arrow. The arrow closely misses the adder.
The adder barely misses you. The adder bites you but does no damage.
You shoot an arrow. The arrow hits the adder!
You kill the adder!
a - 3 scrolls of teleportation (gained 1)
You now have 222 gold pieces (gained 11).
Things that are here:
a +0 dagger; a goblin corpse The iguana hisses angrily.
Enter note:
Enter note:
Enter note: You shoot an arrow.
The arrow closely misses the iguana.
You shoot an arrow. The arrow barely misses the iguana.
You shoot an arrow. The arrow completely misses the iguana.
You shoot an arrow. The arrow barely misses the iguana.
You shoot an arrow.
The arrow hits the iguana but does no damage.
The iguana bites you.
You shoot an arrow. The arrow hits the iguana.
The iguana is moderately wounded.
The iguana bites you.
You shoot an arrow.
The arrow hits the iguana but does no damage.
The iguana is moderately wounded.
The iguana barely misses you.
You shoot an arrow.
The arrow hits the iguana but does no damage.
The iguana is moderately wounded.
The iguana bites you!
You shoot an arrow. The arrow barely misses the iguana.
The iguana bites you but does no damage.
The iguana bites you.
You shoot an arrow. The arrow completely misses the iguana.
The iguana bites you!
You shoot an arrow. The arrow barely misses the iguana.
The iguana barely misses you.
You shoot an arrow. The arrow closely misses the iguana.
The iguana bites you!
You die...

.... ..........gJ#
...................# .
............#.#....g#
.............(........
..................)... ...
.......####....##..[. ......
..... #.....## #.### .... ......
.....##.l....# .. ....
.#....###....#..@## ... ....
.5.....##......##.#.#.# ....
.............#..##. .#
#................... .#
#............###....
######....).##).#.# ..
..##.#......###...# ........#
......)###)# #....##..........#
...#.....#.###...)............##


You could see an iguana.

Vanquished Creatures
  A howler monkey (D:3)
  Jessica (D:2)
  A sleepcap (D:4)
  4 adders
  A white imp (D:4)
  3 orcs (D:4)
  13 endoplasms
  3 giant cockroaches
  7 goblins
  4 hobgoblins
  8 jackals
  4 quokkas
  4 ball pythons
  3 bats
  2 frilled lizards
  5 kobolds
  4 rats
68 creatures vanquished.

Notes
Turn   | Place    | Note
-------+----------+-------------------------------------------
     0 | D:1      | qw the Gargoyle Hunter began the quest for the Orb.
     0 | D:1      | Reached XP level 1. HP: 12/12 MP: 1/1
     0 | D:1      | 0 ||| qw: Version: 0.2-a-29-gc1b59c4
     0 | D:1      | 0 ||| qw: Game counter: 4611
     0 | D:1      | 0 ||| qw: Always use a shield: true
     0 | D:1      | 0 ||| qw: God list: Okawaru
     0 | D:1      | 0 ||| qw: Allow faded altars: false
     0 | D:1      | 0 ||| qw: Do Orc after D:15 true
     0 | D:1      | 0 ||| qw: Do second Lair branch before Depths: true
     0 | D:1      | 0 ||| qw: Lair rune preference: random
     0 | D:1      | 0 ||| qw: Plans: Normal, Zot:1-4, Slime:5, God:TSO, Crypt,
                  | Tomb, Abyss, Pan, Hells, Win
     0 | D:1      | 0 ||| PLANNING D:1-11
    70 | D:1      | Reached XP level 2. HP: 17/17 MP: 2/2
   123 | D:1      | 123 ||| FLEEEEING.
   124 | D:1      | 124 ||| FLEEEEING.
   125 | D:1      | 125 ||| FLEEEEING.
   455 | D:1      | Reached XP level 3. HP: 21/21 MP: 3/3
   635 | D:1      | Reached skill level 5 in Ranged Weapons
   773 | D:1      | Found a faded altar of an unknown god.
   878 | D:1      | 878 ||| UPGRADING to +0 ring mail.
   888 | D:1      | 888 ||| DROPPING +0 leather armour.
   889 | D:1      | 889 ||| READING 4 scrolls labelled XOROG UZOMUXT.
   893 | D:1      | 893 ||| READING 2 scrolls labelled QATTOG BURAU.
   894 | D:1      | 894 ||| READING scroll labelled SENTUL HUB.
   895 | D:1      | 895 ||| READING scroll labelled GOMOIJ ZIEC.
   909 | D:1      | 909 ||| DROPPING scroll of butterflies.
  1035 | D:2      | Reached skill level 1 in Armour
  1149 | D:2      | Reached skill level 3 in Fighting
  1149 | D:2      | Reached XP level 4. HP: 20/28 MP: 4/4
  1248 | D:2      | Noticed Jessica
  1260 | D:2      | Killed Jessica
  1384 | D:2      | 1384 ||| READING scroll labelled YVVAQE ZOREAM.
  1385 | D:2      | 1385 ||| READING 2 scrolls of identify.
  1385 | D:2      | 1385 ||| IDENTIFYING fizzy white potion
  1386 | D:2      | 1386 ||| DROPPING potion of degeneration.
  1429 | D:3      | Reached XP level 5. HP: 22/32 MP: 5/5
  1664 | D:3      | Reached skill level 6 in Ranged Weapons
  1754 | D:3      | Found a glowing silver altar of Zin.
  2048 | D:3      | 2048 ||| READING 2 scrolls labelled BOLOCS MURIZ.
  2049 | D:3      | 2049 ||| READING scroll labelled XUCKOSTR OSAUFO.
  2050 | D:3      | 2050 ||| DROPPING scroll of immolation.
  2179 | D:4      | HP: 8/32 [goblin/+0 club (2)]
  2180 | D:4      | 2180 ||| READING 7 scrolls of teleportation.
  2184 | D:4      | 2184 ||| READING 6 scrolls of teleportation.
  2187 | D:4      | HP: 5/33 [frozen (5)]
  2189 | D:4      | 2189 ||| READING 5 scrolls of teleportation.
  2193 | D:4      | 2193 ||| READING 4 scrolls of teleportation.
  2196 | D:4      | 2196 ||| READING 3 scrolls of teleportation.
  2279 | D:4      | 2279 ||| FLEEEEING.
  2280 | D:4      | 2280 ||| FLEEEEING.
  2281 | D:4      | 2281 ||| FLEEEEING.
  2282 | D:4      | 2282 ||| FLEEEEING.
  2283 | D:4      | 2283 ||| FLEEEEING.
  2284 | D:4      | 2284 ||| FLEEEEING.
  2285 | D:4      | 2285 ||| FLEEEEING.
  2286 | D:4      | 2286 ||| FLEEEEING.
  2361 | D:4      | Slain by an iguana

Levels and vault maps discovered:
D:1:      denvon_arrival_planthouse, layout_basic, serial_glass,
          glass_columns_a, glass_columns_a,
          shapermc_ecumenical_altar_starsandcircs, dk_noncrumbling_2,
          chequers_serial_rivers_micro_b
D:2:      layout_basic, serial_bayou_pond_a, uniq_jessica
D:3:      layout_basic, zin_treasury, grunt_ministairs_4
D:4:      layout_cave_pools

Skill      XL: |  1  2  3  4  5 |
---------------+----------------+-----
Ranged Weapons | 5 6 |  6.0
Armour         | 1 |  1.0
Fighting       | 3 4 |  4.0
Dodging        | |  1.5
Stealth        | |  1.1

Action                     |  1- 3 |  4- 6 || total
---------------------------+-------+-------++-------
   Fire: Shortbow          |   131 |   117 ||   248
    Use: Scroll            |     4 |     9 ||    13
 Armour: Leather armour    |     5 |       ||     5
         Ring mail         |    42 |    32 ||    74
  Dodge: Dodged            |    64 |    35 ||    99

Table legend:
 A = Non-vault XP
 B = Vault XP
 C = Vault XP percentage of total XP
 D = Non-vault monster count
 E = Vault monster count
 F = Vault count percentage of total count
                 A         B        C        D         E       F
            +---------+---------+-------+---------+---------+-------
      Total |     208 |      93 |  30.9 |      65 |       3 |   4.4
            +---------+---------+-------+---------+---------+-------
        D:1 |      43 |       0 |   0.0 |      24 |       0 |   0.0
        D:2 |      45 |      37 |  45.1 |      20 |       1 |   4.8
        D:3 |      41 |      56 |  57.7 |      10 |       2 |  16.7
        D:4 |      79 |       0 |   0.0 |      11 |       0 |   0.0
            +---------+---------+-------+---------+---------+-------
